 Dungeon Crawl Stone Soup version 0.18.1-48-g4cf74bf (webtiles) character file.

1642 YesQuite the Skirmisher (level 8, -12/73 HPs)
             Began as a Minotaur Fighter on July 9, 2016.
             Was a Believer of Makhleb.
             Mangled by an orc warrior
             ... wielding a +0 glaive
              (14 damage)
             ... on level 6 of the Dungeon.
             The game lasted 00:40:28 (5438 turns).

YesQuite the Skirmisher (Minotaur Fighter)          Turns: 5438, Time: 00:40:29

Health: -12/73     AC:  9    Str: 22    XL:     8   Next: 67%
Magic:  7/7        EV:  8    Int:  5    God:    Makhleb [**....]
Gold:   333        SH: 10    Dex: 11    Spells: 0 memorised, 7 levels left

rFire  + . .     SeeInvis .     v - +0 flail (crush)
rCold  x . .     Gourm    .     w - +0 chain mail
rNeg   . . .     Faith    .     c - +0 shield
rPois  .         Spirit   .     (helmet restricted)
rElec  .         Dismiss  .     (no cloak)
rCorr  +         Reflect  .     (no gloves)
SustAt .         Harm     .     (no boots)
MR     .....                    (no amulet)
Stlth  ..........               u - ring of fire
                                n - ring of resist corrosion

@: not resistant to hostile enchantments, extremely unstealthy
A: retaliatory headbutt, horns 2
a: Minor Destruction, Renounce Religion


You were on level 6 of the Dungeon.
You worshipped Makhleb.
Makhleb was pleased with you.
You were not hungry.

You visited 1 branch of the dungeon, and saw 6 of its levels.

You collected 333 gold pieces.

Inventory:

Hand Weapons
 a - a +0 war axe
 v - a +0 flail of crushing (weapon)
 x - a +2 quarterstaff of chaos
 y - a cursed -2 falchion
Missiles
 r - 8 tomahawks (quivered)
Armour
 b - a +0 scale mail
 c - a +0 shield (worn)
 e - a +0 scale mail
 w - a +0 chain mail (worn)
Jewellery
 n - a ring of resist corrosion (left hand)
 u - a ring of fire (right hand)
 B - an uncursed ring of see invisible {unknown}
Scrolls
 d - 2 scrolls of identify
 i - 2 scrolls of enchant armour {unknown}
 j - 4 scrolls of recharging
 l - a scroll of remove curse {unknown}
 p - a scroll of magic mapping
 q - a scroll of teleportation {unknown}
 s - 2 scrolls of amnesia {unknown}
 t - a scroll of random uselessness
 D - a scroll of immolation {unknown}
Potions
 g - 5 potions of curing
 m - a potion of cure mutation
 o - a potion of agility {unknown}
 z - 2 potions of mutation {unknown}
 A - a potion of resistance {unknown}
 C - 3 potions of degeneration {unknown}
 E - 2 potions of haste {unknown}
Comestibles
 f - 3 bread rations
 h - 4 meat rations
 k - 3 chunks of flesh


   Skills:
 + Level 7.3 Fighting
 - Level 6.0(6.6) Axes
 * Level 4.2(5.8) Maces & Flails
 - Level 4.0 Armour
 * Level 7.3 Dodging
 - Level 5.0 Shields


You had 7 spell levels left.
You didn't know any spells.

Dungeon Overview and Level Annotations

Branches:
Dungeon (6/15)
 Temple: D:4-7

Altars:
Ashenzari
Elyvilon
Fedhas
Gozag
Makhleb
Sif Muna
Yredelemnul

Shops:
D:5 }


Innate Abilities, Weirdness & Mutations

You reflexively headbutt those who attack you in melee.
You have a pair of horns on your head.


Message History

The orc priest is severely wounded.
The orc priest hits you with a flail.
You hit the orc priest.
The orc priest is almost dead.
The orc warrior hits you with a glaive.
The orc priest mumbles some strange prayers to Beogh against you.
Beogh smites you! The orc priest hits you with a flail.
Press: ? - help, Shift-Dir - straight line, f - orc priest
Aim: an orc priest, wielding a flail and wearing a chain mail (almost dead)
You fail to use your ability.
The orc warrior hits you with a glaive.
You barely miss the orc priest. You headbutt the orc priest.
You kill the orc priest!
Makhleb accepts your kill.
You feel better.
The orc warrior hits you with a glaive!!
* * * LOW HITPOINT WARNING * * *
You hit the orc warrior but do no damage.
You headbutt the orc warrior, but do no damage.
The orc warrior hits you with a glaive!
You die...

..# ####..###.
#......#.........
#......+.........
#......#.......
#......#%....
###......#..)#
#........#†@.#
#........#)o.#
#......%.'...#
#.......<#...#
#........#...#
#........#...#
#........#...#
.........#....
.........#....#


You could see an orc warrior.

Vanquished Creatures
  Grinder (D:3)
  Edmund (D:4)
  A sky beast (D:5)
  2 ogres (D:4)
  A centaur (D:5)
  A scorpion (D:6)
  2 howler monkeys (D:3)
  3 hounds (D:5)
  4 orc priests
  5 orc wizards
  Crazy Yiuf (D:3)
  Jessica (D:3)
  Ijyb (D:3)
  An iguana (D:5)
  5 worker ants
  A hound zombie (D:5)
  4 gnolls (D:3)
  9 adders
  A shadow imp (D:5)
  An adder skeleton (D:4)
  3 worms
  5 dart slugs
  4 giant geckos
  25 orcs
  4 ball pythons
  8 bats
  4 giant cockroaches
  7 goblins
  7 hobgoblins
  4 jackals (D:3)
  A quokka (D:5)
  6 giant newts
  7 kobolds
  A quokka skeleton (D:4)
  6 rats
138 creatures vanquished.

Notes
Turn   | Place    | Note
--------------------------------------------------------------
     0 | D:1      | YesQuite the Minotaur Fighter began the quest for the Orb.
     0 | D:1      | Reached XP level 1. HP: 19/19 MP: 0/0
    97 | D:1      | Reached XP level 2. HP: 25/27 MP: 1/1
   691 | D:1      | Reached XP level 3. HP: 33/33 MP: 2/2
   848 | D:2      | Reached skill level 1 in Dodging
   944 | D:2      | Found a shattered altar of Ashenzari.
   981 | D:2      | Found a faded altar to an unknown god.
  1631 | D:3      | Reached XP level 4. HP: 37/41 MP: 3/3
  1730 | D:3      | Noticed Ijyb
  1746 | D:3      | Killed Ijyb
  1747 | D:3      | Noticed Jessica
  1750 | D:3      | Killed Jessica
  1750 | D:3      | Reached XP level 5. HP: 43/47 MP: 4/4
  1778 | D:3      | Noticed Grinder
  1813 | D:3      | Killed Grinder
  1813 | D:3      | Reached skill level 5 in Fighting
  1813 | D:3      | Reached skill level 5 in Axes
  1813 | D:3      | Reached XP level 6. HP: 19/56 MP: 5/5
  1947 | D:3      | Found a burning altar of Makhleb.
  1955 | D:3      | Became a worshipper of Makhleb the Destroyer
  2496 | D:3      | Reached XP level 7. HP: 57/61 MP: 6/6
  2719 | D:3      | Reached * piety under Makhleb
  2767 | D:3      | Noticed Crazy Yiuf
  2770 | D:3      | Killed Crazy Yiuf
  2917 | D:4      | Reached skill level 5 in Dodging
  3346 | D:4      | Found a deep blue altar of Sif Muna.
  3352 | D:4      | Noticed Edmund
  3361 | D:4      | Killed Edmund
  3804 | D:4      | Reached skill level 5 in Shields
  3804 | D:4      | Reached XP level 8. HP: 71/71 MP: 7/7
  3881 | D:4      | Found a blossoming altar of Fedhas.
  3985 | D:4      | Reached skill level 1 in Maces & Flails
  4305 | D:5      | Entered Level 5 of the Dungeon
  4387 | D:5      | Found Foobo's Quality Used Wands.
  4445 | D:5      | Found a basalt altar of Yredelemnul.
  4632 | D:5      | Reached ** piety under Makhleb
  5006 | D:5      | Found a white marble altar of Elyvilon.
  5136 | D:5      | Found an opulent altar of Gozag.
  5437 | D:6      | HP: 1/73 [orc warrior/glaive (28)]
  5438 | D:6      | Mangled by an orc warrior

Skill      XL: |  1  2  3  4  5  6  7  8 |
---------------+-------------------------+-----
Fighting       | 4 5 6 7 |  7.3
Axes           | 3 4 5 6 |  6.0
Armour         | 4 |  4.0
Dodging        | 1 2 4 6 7 |  7.3
Shields        | 5 |  5.0
Maces & Flails | 4 |  4.2

Action                   |  1- 3 |  4- 6 |  7- 9 || total
-------------------------+-------+-------+-------++-------
Melee: War axe           |    88 |    94 |    75 ||   257
       Headbutt          |    13 |    13 |    37 ||    63
       Flail             |       |       |   117 ||   117
Throw: Tomahawk          |       |       |     9 ||     9
Invok: Minor Destruction |       |       |     2 ||     2
  Use: Scroll            |     2 |     6 |     2 ||    10
       Potion            |     1 |     2 |     1 ||     4
  Eat: Chunk             |     1 |     2 |     7 ||    10
       Pizza             |     1 |       |       ||     1
       Beef jerky        |       |     1 |     1 ||     2
Armor: Scale mail        |    34 |    26 |       ||    60
       Chain mail        |       |    24 |    83 ||   107
Dodge: Dodged            |    24 |    30 |    67 ||   121
Block: Shield            |    42 |    61 |    91 ||   194
